AoeStats
← Caribe5092

QS Arena

503199033Analyzed
2v2 RM · 2mo ago on Aug 30, 2026· 36m 17s· 4 players
Game mode
Random Map
Map size
Medium (4 player)
Population
200
Speed
Normal
Resources
Standard
Victory
Conquest
Starting age
Dark Age
Ending age
Imperial Age
RankedLock teamsTeams togetherTeam positionsShared explorationLock speedFull tech treeHidden civsTurbo modeCheats
Victory
Defeat
🇨🇱 Romans · Chile
1044
+13
🇨🇱 Celts · Chile
1016
+14
vs
🇨🇿 Franks · Czechia
981
-14
🇺🇸 Goths · United States
964
-13
CowHeaD2oo3
12:09 Feudal Age
12:36 Double-Bit Axe
12:42 Gold Mining
16:18 Castle Age
19:51 Ballistics
Caribe5092
10:46 Feudal Age
9:03 Loom
15:34 Castle Age
19:43 Ballistics
27:35 Pikeman
28:27 Loom
29:10 Squires
29:52 Forging
29:43 Scale Mail Armor
31:28 Double-Bit Axe
33:41 Chain Mail Armor
Koroner
3:05 Loom
9:02 Feudal Age
14:27 Town Watch
16:54 Castle Age
15:30 Double-Bit Axe
15:40 Stone Mining
20:15 Bow Saw
21:50 Fletching
24:40 Scale Barding Armor
29:06 Forging
30:45 Bodkin Arrow
32:56 Chain Barding Armor
34:02 Iron Casting
Ales the winner
0:34 Loom
6:44 Feudal Age
8:04 Wheelbarrow
7:17 Double-Bit Axe
7:17 Horse Collar
17:02 Castle Age
15:06 Stone Mining
15:56 Scale Mail Armor
17:00 Forging
16:46 Gold Mining
18:09 Hand Cart
18:09 Bow Saw
19:09 Heavy Plow
21:00 Stone Shaft Mining
Connection lost

Rejoining the realm…

Still unreachable

The connection could not be restored.

Session expired

The server has moved on; the page needs a fresh start.